 Dungeon Crawl Stone Soup version 0.31-a0-187-gba352fbbf7 (webtiles) character file.

Game seed: 1661390504725487799

45 qw the Shooter (level 3, 0/20 HPs)
             Began as a Deep Elf Hunter on June 22, 2023.
             Slain by an orc
             ... wielding a +0 mace
              (6 damage)
             ... on level 2 of the Dungeon.
             The game lasted 00:00:26 (1524 turns).

qw the Shooter (Deep Elf Hunter)                    Turns: 1524, Time: 00:00:27

Health: 0/20       AC:  3    Str: 10    XL:     3   Next: 42%
Magic:  5/5        EV: 12    Int: 13    God:
Gold:   29         SH:  5    Dex: 18    Spells: 2/2 levels left

rFire   . . .        Y - +1 shortbow
rCold   . . .        (shield currently unavailable)
rNeg    . . .        c - +0 leather armour
rPois   .            (no helmet)
rElec   .            (no cloak)
rCorr   .            (no gloves)
SInv    .            (no boots)
Will    .....        b - amulet of reflection
Stlth   ++           (no ring)
HPRegen 0.23/turn    (no ring)
MPRegen 0.09/turn

%: reflection
@: no status effects
A: no striking features
a: no special abilities


You were on level 2 of the Dungeon.
You visited 1 branch of the dungeon, and saw 3 of its levels.

You collected 29 gold pieces.


   Skills:
 - Level 1.5 Fighting
 + Level 7.0 Ranged Weapons
 - Level 2.4 Dodging
 - Level 1.2 Stealth


You had 2 spell levels left.
You didn't know any spells.
Your spell library was empty.

Inventory:

Hand Weapons
 Y - a +1 shortbow (weapon)
Armour
 c - a +0 leather armour (worn)
Jewellery
 b - an amulet of reflection (around neck)
Scrolls
 a - a scroll of identify
Potions
 d - 5 potions of curing
 e - a potion of resistance
 i - a potion of might {unknown}

Dungeon Overview and Level Annotations

Branches:
Dungeon (3/15)

Altars:

Shops:
D:2 (


Message History

1502 ||| STAIRDANCE You climb upwards.
There is a stone staircase leading down here.
Enter note:
Enter note:
Enter note:
Enter note:
Enter note:
Enter note:
Enter note:
Enter note:
Enter note:
Enter note:
Enter note:
Enter note:
Enter note:
Enter note:
Enter note: You start resting.
HP restored.
Done exploring.
(D) Dungeon
Where to? (* - list waypoints, Enter - D:3, ? - help)
What level of the Dungeon? (default 1, ? - help)
You climb downwards.
The orc completely misses you. You block the orc's attack.
There is a stone staircase leading up here.
You shoot an arrow. The arrow barely misses the orc.
The orc closely misses you.
You shoot an arrow. The arrow barely misses the orc.
The orc hits you with a +0 mace.
1521 ||| STAIRDANCE The orc closely misses you.
You climb upwards.
There is a stone staircase leading down here.
You shoot an arrow. The arrow hits the orc.
The orc is heavily wounded.
The orc hits you with a +0 mace. x2
You shoot an arrow. The arrow closely misses the orc.
The orc hits you with a +0 mace.
You die...

#.........# #.....
#.........###.....
#................. ######
#................. #....#
##...#####!....... #....#
#...# #........ #....#
#...# #######.. #....#
##o..###########.. #.¤¤¤#
#@....##.......... #.¤¤¤#
#.................
#.¤¤¤####.###.##..........
##.¤¤¤#....................
#..¤¤¤¤.....##.###'#####...
##.###......##.# #.# #...
#....#......##.# #.# #...
#..#.#......##.###.########
#..#.#......##.............


You could see an orc.

Vanquished Creatures
  An adder (D:2)
  2 dart slugs
  A bat (D:1)
  6 endoplasms
  2 giant cockroaches (D:2)
  A goblin (D:3)
  2 hobgoblins (D:1)
  A jackal (D:2)
  4 kobolds
  2 quokkas (D:1)
  3 ball pythons
  A frilled lizard (D:2)
  4 rats
30 creatures vanquished.

Notes
Turn   | Place    | Note
-------+----------+-------------------------------------------
     0 | D:1      | qw the Deep Elf Hunter began the quest for the Orb.
     0 | D:1      | Reached XP level 1. HP: 12/12 MP: 3/3
     0 | D:1      | 0 ||| qw: Version: 0.3-a-9-g12657ce
     0 | D:1      | 0 ||| qw: Game counter: 2477
     0 | D:1      | 0 ||| qw: Always use a shield: true
     0 | D:1      | 0 ||| qw: God list: Okawaru
     0 | D:1      | 0 ||| qw: Allow faded altars: false
     0 | D:1      | 0 ||| qw: Do Orc after D:15 true
     0 | D:1      | 0 ||| qw: Do second Lair branch before Depths: true
     0 | D:1      | 0 ||| qw: Lair rune preference: random
     0 | D:1      | 0 ||| qw: Plans: Normal
     0 | D:1      | 0 ||| PLANNING D:1-11
   136 | D:1      | Reached XP level 2. HP: 16/16 MP: 4/4
   160 | D:1      | Reached skill level 6 in Ranged Weapons
   638 | D:1      | 638 ||| READING scroll labelled EQUSINGOUM.
   639 | D:1      | 639 ||| READING scroll labelled YRINOE CU YVE.
   640 | D:1      | 640 ||| DRINKING 4 brown potions.
   641 | D:1      | 641 ||| DRINKING 2 puce potions.
   642 | D:1      | 642 ||| DRINKING 2 clear potions.
   643 | D:1      | 643 ||| DROPPING scroll of butterflies.
   644 | D:1      | 644 ||| DROPPING potion of attraction.
   728 | D:2      | Reached XP level 3. HP: 20/20 MP: 5/5
   887 | D:2      | Found Moxumyorch's Weapon Shoppe.
  1458 | D:2      | 1458 ||| UPGRADING to amulet of reflection.
  1463 | D:2      | 1463 ||| READING 3 scrolls labelled OMUCIAB UMARA.
  1464 | D:2      | 1464 ||| READING scroll labelled QUZET POSIRRYI.
  1465 | D:2      | 1465 ||| READING scroll labelled DUBBIE PORAAPS.
  1466 | D:2      | 1466 ||| READING scroll labelled FIT WUENEMOLATUN.
  1470 | D:2      | 1470 ||| READING 2 scrolls of identify.
  1470 | D:2      | 1470 ||| IDENTIFYING sapphire potion
  1471 | D:2      | 1471 ||| DROPPING potion of lignification.
  1489 | D:3      | Reached skill level 7 in Ranged Weapons
  1498 | D:3      | 1498 ||| FLEEEEING.
  1502 | D:3      | 1502 ||| STAIRDANCE
  1521 | D:3      | 1521 ||| STAIRDANCE
  1524 | D:2      | Slain by an orc

Levels and vault maps discovered:
D:1:      ncdulo_lavacross, layout_basic
D:2:      layout_basic, serial_shops, shop, minmay_close_crescents
D:3:      layout_basic

Skill      XL: |  1  2  3 |
---------------+----------+-----
Ranged Weapons | 6 7 |  7.0
Fighting       | |  1.5
Dodging        | |  2.4
Stealth        | |  1.2

Action                     || total
---------------------------++-------
   Fire: Shortbow          ||    76
    Use: Potion            ||     3
         Scroll            ||     7
 Armour: Leather armour    ||     6
  Dodge: Dodged            ||    16
  Block: Other             ||     2

Table legend:
 A = Non-vault XP
 B = Vault XP
 C = Vault XP percentage of total XP
 D = Non-vault monster count
 E = Vault monster count
 F = Vault count percentage of total count
                 A         B        C        D         E       F
            +---------+---------+-------+---------+---------+-------
      Total |      55 |      10 |  15.4 |      24 |       6 |  20.0
            +---------+---------+-------+---------+---------+-------
        D:1 |      25 |       0 |   0.0 |      14 |       0 |   0.0
        D:2 |      23 |      10 |  30.3 |       6 |       6 |  50.0
        D:3 |       7 |       0 |   0.0 |       4 |       0 |   0.0
            +---------+---------+-------+---------+---------+-------
